 Dungeon Crawl Stone Soup version 0.30-a0-371-gad7725a93e (webtiles) character file.

Game seed: 11862974323331596738

97 Maxmaps the Covered (level 4, -1/35 HPs)
             Began as a Demonspawn Gladiator on Nov 23, 2022.
             Slain by a scorpion (5 damage)
             ... on level 5 of the Dungeon.
             The game lasted 00:02:13 (1947 turns).

Maxmaps the Covered (Demonspawn Gladiator)          Turns: 1947, Time: 00:02:14

Health: -1/35      AC:  7    Str: 15    XL:     4   Next: 42%
Magic:  4/4        EV: 11    Int: 11    God:
Gold:   134        SH:  0    Dex: 14    Spells: 3/3 levels left

rFire   . . .      SeeInvis .    a - +0 long sword
rCold   . . .      Faith    .    (no shield)
rNeg    . . .      Spirit   .    r - +0 scale mail
rPois   .          Reflect  .    c - +0 helmet
rElec   .          Harm     .    (no cloak)
rCorr   .          Rampage  .    (no gloves)
Will    .....                    (no boots)
Stlth   +.........               (no amulet)
HPRegen 0.25/turn                (no ring)
MPRegen 0.18/turn                (no ring)

@: lethally poisoned (-1 -> -3)
A: magic regeneration, sturdy frame 2
a: no special abilities


You were on level 5 of the Dungeon.
You visited 1 branch of the dungeon, and saw 4 of its levels.

You collected 134 gold pieces.

Inventory:

Hand Weapons
 a - a +0 long sword (weapon)
 p - the +7 dagger "Daofrud" {speed, rElec Int+6}
   (You found it on level 3 of the Dungeon)

   Attacks with this weapon are significantly faster.
   Int:       It affects your intelligence (+6).
   rElec:     It insulates you from electricity.
Missiles
 d - 3 throwing nets (quivered)
 e - a javelin
Armour
 b - a +0 leather armour
 c - a +0 helmet (worn)
 r - a +0 scale mail (worn)
Wands
 j - a wand of charming (8)
 o - a wand of mindburst (12)
Scrolls
 h - 3 scrolls of identify {unknown}
 i - 3 scrolls of teleportation {unknown}
 l - a scroll of brand weapon {unknown}
Potions
 f - a potion of curing
 g - a potion of ambrosia {unknown}
 k - a potion of heal wounds {unknown}
 m - a potion of attraction {unknown}
 n - a potion of resistance {unknown}
 q - a potion of berserk rage {unknown}
 s - a potion of lignification {unknown}


   Skills:
 - Level 3.0 Fighting
 - Level 2.6 Long Blades
 - Level 1.7 Throwing
 + Level 3.1 Armour
 - Level 2.6 Dodging


You had 3 spell levels left.
You didn't know any spells.
Your spell library was empty.

Dungeon Overview and Level Annotations

Branches:
Dungeon (3/15)

Altars:


Innate Abilities, Weirdness & Mutations

You regenerate magic rapidly.
Your movements are less encumbered by armour. (ER -4)


Message History

The scorpion stings you. The scorpion barely misses you.
You closely miss the scorpion.
The scorpion is moderately wounded.
The scorpion misses you.
You barely miss the scorpion.
The scorpion is moderately wounded.
The scorpion misses you.
The scorpion stings you but does no damage.
You barely miss the scorpion.
The scorpion is moderately wounded.
The scorpion stings you but does no damage.
You hit the scorpion.
The scorpion is heavily wounded.
The scorpion barely misses you. The scorpion misses you.
You hit the scorpion.
The scorpion is severely wounded.
The scorpion stings you but does no damage.
The scorpion stings you.
You are poisoned.
The scorpion poisons you!
You hit the scorpion but do no damage.
The scorpion is severely wounded.
You feel very sick. The scorpion closely misses you.
You hit the scorpion.
The scorpion is severely wounded.
You feel sick. The scorpion closely misses you.
The scorpion stings you but does no damage.
You barely miss the scorpion.
The scorpion is severely wounded.
You feel sick. The scorpion barely misses you.
You completely miss the scorpion.
The scorpion is severely wounded.
You feel sick. The scorpion stings you.
* * * LOW HITPOINT WARNING * * *
The scorpion barely misses you.
You hit the scorpion.
The scorpion is severely wounded.
You feel sick. The scorpion stings you.
You die...

##### ...#
#.###
#...###########
#........s@...#
####.########.#
#....# #.#.## #
#. .. ##. #. #.


You could see a scorpion.

Vanquished Creatures
  An iguana (D:5)
  2 adders (D:3)
  A white imp (D:3)
  A worm (D:2)
  3 orcs (D:3)
  5 bats
  2 endoplasms (D:1)
  4 goblins
  4 hobgoblins
  2 jackals (D:2)
  2 quokkas (D:3)
  2 ball pythons
  5 frilled lizards
  5 kobolds
  3 rats
42 creatures vanquished.

Notes
Turn   | Place    | Note
-------+----------+-------------------------------------------
     0 | D:1      | Maxmaps the Demonspawn Gladiator began the quest for the
                  | Orb.
     0 | D:1      | Reached XP level 1. HP: 16/16 MP: 1/1
   400 | D:1      | Gained mutation: Your movements are slightly less
                  | encumbered by armour. (ER -2) [demonic ancestry]
   400 | D:1      | Reached XP level 2. HP: 23/23 MP: 2/2
   676 | D:2      | Reached skill level 1 in Armour
   931 | D:2      | Gained mutation: You regenerate magic rapidly. [demonic
                  | ancestry]
   931 | D:2      | Reached XP level 3. HP: 18/29 MP: 3/3
  1366 | D:3      | Identified the +7 dagger "Daofrud" {speed, rElec Int+6}
  1793 | D:3      | Gained mutation: Your movements are less encumbered by
                  | armour. (ER -4) [demonic ancestry]
  1793 | D:3      | Reached XP level 4. HP: 12/35 MP: 4/4
  1793 | D:3      | You fall into a shaft and drop 2 floors!
  1793 | D:5      | Entered Level 5 of the Dungeon
  1927 | D:5      | Noticed a scorpion
  1947 | D:5      | Slain by a scorpion

Illustrated notes

Levels and vault maps discovered:
D:1:      nzn_arrival_water_spiral, layout_basic
D:2:      layout_loops_ring, dk_noncrumbling_4, dreamdust_princess_corridor,
          minivault_5, minmay_misc_feat_tiny
D:3:      layout_loops_ring
D:5:      layout_loops_ring, uniq_sigmund

Skill      XL: |  1  2  3  4 |
---------------+-------------+-----
Fighting       | 3 |  3.0
Armour         | 1 2 3 |  3.1
Long Blades    | |  2.6
Throwing       | |  1.7
Dodging        | |  2.6

Action                   |  1- 3 |  4- 6 || total
-------------------------+-------+-------++-------
Melee: Long sword        |   126 |    24 ||   150
       Punch             |       |     1 ||     1
  Use: Potion            |     1 |       ||     1
 Stab: Sleeping          |     2 |       ||     2
Armor: Leather armour    |    32 |       ||    32
       Scale mail        |    29 |     6 ||    35
Dodge: Dodged            |   106 |    18 ||   124

Table legend: (Time is in decaauts)
 A = Elapsed time spent in this place.
 B = Non-inter-level travel time spent in this place.
 C = Inter-level travel time spent in this place.
 D = Time resting spent in this place.
 E = Time spent auto-exploring this place.
 F = Levels seen in this place.
 G = Mean time per level.
                   A        B        C        D        E       F      G
               +--------+--------+--------+--------+--------+-----+--------+
         Total |   1992 |   1931 |     61 |    117 |   1431 |   4 |  498.0 |
       Dungeon |   1992 |   1931 |     61 |    117 |   1431 |   4 |  498.0 |
               +--------+--------+--------+--------+--------+-----+--------+

Top non-repeatable levels by time:
     D:2: 874 daAuts
     D:1: 510 daAuts
     D:3: 447 daAuts
     D:5: 159 daAuts
